 Dungeon Crawl Stone Soup version 0.29-a0-722-g64f5989226 (webtiles) character file.

Game seed: 13331882484355824684

101074 Ge0ff the Destroyer (level 15, -9/80 HPs)
             Began as a Deep Elf Venom Mage on June 27, 2022.
             Was a High Priest of Sif Muna.
             Mangled by an ettin
             ... wielding a +0 dire flail
              (18 damage)
             ... on level 15 of the Dungeon on June 28, 2022.
             The game lasted 01:40:58 (39373 turns).

Ge0ff the Destroyer (Deep Elf Venom Mage)          Turns: 39373, Time: 01:40:59

Health: -9/80      AC: 15    Str:  5    XL:     15   Next: 82%
Magic:  28/43      EV: 17    Int: 28    God:    Sif Muna [*****.]
Gold:   2431       SH:  5    Dex: 15    Spells: 5/41 levels left

rFire   + . .      SeeInvis +   a - +9 war axe of Dried Tears {drain, rF+ rC+ MP+9}
rCold   + + +      Faith    .   g - +0 buckler
rNeg    . . .      Spirit   .   G - +2 robe "Kyefi" {Drain rC++ rCorr Stlth+}
rPois   +          Reflect  .   Z - +2 helmet {SInv}
rElec   .          Harm     .   D - +2 cloak {rPois}
rCorr   +          Rampage  .   Q - +0 pair of gloves
Will    +....      Clarity  +   w - +1 pair of boots "Raets" {rC+ Regen+ rCorr}
Stlth   +++.......              S - amulet of the acrobat
HPRegen 1.03/turn               x - ring of wizardry
MPRegen 0.28/turn               N - +4 ring of evasion {=R}

@: about to teleport, slightly contaminated
A: iridescent scales 1, clarity, wild magic 1
a: Renounce Religion, Channel Magic, Forget Spell, Divine Exegesis


You were on level 15 of the Dungeon.
You worshipped Sif Muna.
Sif Muna was extremely pleased with you.
You visited 4 branches of the dungeon, and saw 24 of its levels.
You visited the Abyss 1 time.
You also visited: Sewer, Bailey, Gauntlet and Volcano.

You collected 3821 gold pieces.
You spent 1390 gold pieces at shops.

Inventory:

Hand Weapons
 a - the +9 war axe of Dried Tears (weapon) {drain, rF+ rC+ MP+9}
   (You found it on level 7 of the Dungeon)

   A truly terrible weapon, it drains the life of any living foe it strikes.
   rF:        It protects you from fire.
   rC:        It protects you from cold.
   MP:        It affects your magic capacity (+9).
 h - the +9 whip "Puthruopp" {vorpal, Will+ Str+3}
   (You found it on level 5 of the Dungeon)

   It inflicts extra damage upon your enemies.
   Str:       It affects your strength (+3).
   Will:      It increases your willpower.
Missiles
 v - 11 curare-tipped darts {=F}
Armour
 g - a +0 buckler (worn)
 l - a +0 troll leather armour
 w - the +1 pair of boots "Raets" (worn) {rC+ Regen+ rCorr}
   (You found it on level 12 of the Dungeon)

   rC:        It protects you from cold.
   Regen:     It increases your rate of health regeneration.
   rCorr:     It protects you from acid and corrosion.
 A - the +1 leather armour of Sif Muna's Pride {rPois Will+ rCorr}
   (You found it in a Gauntlet)

   rPois:     It protects you from poison.
   rCorr:     It protects you from acid and corrosion.
   Will:      It increases your willpower.
 D - a +2 cloak of poison resistance (worn)
 G - the +2 robe "Kyefi" (worn) {Drain rC++ rCorr Stlth+}
   (You bought it in a shop on level 2 of the Dungeon)

   rC:        It greatly protects you from cold.
   rCorr:     It protects you from acid and corrosion.
   Drain:     It drains your maximum health when unequipped.
   Stlth:     It makes you more stealthy.
 I - a +2 cloak of fire resistance
 Q - a +0 pair of gloves (worn)
 Y - a +2 robe of positive energy
 Z - a +2 helmet of see invisible (worn)
Magical Staves
 b - a staff of cold
 r - a staff of conjuration
Jewellery
 p - a ring of protection from fire
 x - a ring of wizardry (left hand)
 N - a +4 ring of evasion (right hand) {=R}
 P - a ring of willpower
 S - an amulet of the acrobat (around neck)
Wands
 d - a wand of digging (9)
 e - a wand of charming (33)
 f - a wand of flame (47)
 k - a wand of iceblast (4)
 s - a wand of mindburst (44)
Scrolls
 i - 5 scrolls of identify
 j - 2 scrolls of enchant armour
 m - a scroll of magic mapping
 y - 5 scrolls of immolation
 B - 2 scrolls of blinking
 C - 5 scrolls of poison
 E - 4 scrolls of fear
 F - a scroll of fog
 T - 7 scrolls of teleportation
 V - 10 scrolls of vulnerability
Potions
 q - 4 potions of curing
 u - 6 potions of mutation {!q}
 z - a potion of brilliance
 H - 3 potions of haste {!q}
 K - 2 potions of magic {!q}
 L - 2 potions of lignification
 M - 3 potions of might
 R - a potion of resistance
 W - 7 potions of heal wounds {!q}
 X - a potion of flight
Miscellaneous
 c - a condenser vane
 n - a phial of floods
 t - a tin of tremorstones (2/2)
 O - a box of beasts
 U - a phantom mirror


   Skills:
 + Level 3.8 Fighting
 + Level 4.4 Dodging
 - Level 2.4 Stealth
 - Level 4.0 Shields
 + Level 13.6 Spellcasting
 + Level 14.7 Conjurations
 - Level 5.0 Summonings
 - Level 3.0 Translocations
 + Level 14.5 Transmutations
 * Level 13.7 Ice Magic
 - Level 3.0 Air Magic
 - Level 3.0 Earth Magic
 - Level 10.0 Poison Magic
 + Level 5.2 Invocations
 + Level 5.3 Evocations


You had 5 spell levels left.
You knew the following spells:

 Your Spells              Type           Power      Damage    Failure   Level
a - Ozocubu's Refrigerat  Ice            45%        4d14      6%          7
c - Blink                 Tloc           92%        N/A       1%          2
f - Mephitic Cloud        Conj/Pois/Air  75%        N/A       1%          3
i - Ignite Poison         Fire/Tmut/Pois 71%        N/A       1%          3
k - Stone Arrow           Conj/Erth      100%       3d13      1%          3
m - Frozen Ramparts       Ice            100%       1d12      1%          3
r - Olgreb's Toxic Radia  Pois           78%        N/A       1%          4
s - Summon Ice Beast      Ice/Summ       75%        N/A       1%          4
C - Poisonous Vapours     Pois/Air       100%       N/A       1%          2
E - Irradiate             Conj/Tmut      46%        3d28      1%          5

Your spell library contained the following spells:

 Spells                   Type           Power      Damage    Failure   Level
 Beastly Appendage        Tmut           100%       N/A       1%          1
 Foxfire                  Conj/Fire      100%       2x1d9     1%          1
 Freeze                   Ice            100%       1d11      1%          1
 Shock                    Conj/Air       100%       1d9       1%          1
 Sting                    Tmut/Pois      100%       1d8       1%          1
 Ensorcelled Hibernation  Hex/Ice        100%       N/A       1%          2
 Searing Ray              Conj           100%       2d8       1%          2
 Static Discharge         Conj/Air       74%        N/A       1%          2
 Wereblood                Tmut           92%        N/A       1%          2
 Conjure Flame            Conj/Fire      68%        6-21      1%          3
 Ozocubu's Armour         Ice            90%        N/A       1%          3
 Spider Form              Tmut/Pois      85%        N/A       1%          3
 Flame Wave               Conj/Fire      68%        2d13      1%          4
 Hailstorm                Conj/Ice       91%        3d18      1%          4
 Ice Form                 Ice/Tmut       91%        N/A       1%          4
 Petrify                  Tmut/Erth      73%        N/A       1%          4
 Sticky Flame             Conj/Fire      68%        2d8       1%          4
 Alistair's Intoxication  Tmut/Pois      56%        N/A       1%          5
 Blade Hands              Tmut           46%        N/A       1%          5
 Freezing Cloud           Conj/Ice/Air   39%        6-21      1%          5
 Lightning Bolt           Conj/Air       37%        1d55      1%          5
 Lesser Beckoning         Tloc           46%        N/A       2%          3
 Scorch                   Fire           48%        2d7       3%          2
 Sublimation of Blood     Necr           24%        N/A       3%          2
 Manifold Assault         Tloc           46%        N/A       16%         5
 Anguish                  Hex/Necr       12%        N/A       19%         4
 Borgnjor's Vile Clutch   Necr/Erth      17%        N/A       26%         5
 Eringya's Noxious Bog    Tmut/Pois      42%        N/A       2%          6
 Conjure Ball Lightning   Conj/Air       37%        3x3d12    9%          6
 Summon Cactus Giant      Summ           28%        N/A       32%         6
 Storm Form               Tmut/Air       36%        N/A       38%         7
 Summon Hydra             Summ           28%        N/A       85%         7
 Maxwell's Capacitive Co  Air            23%        ∞         100%        8


Dungeon Overview and Level Annotations

Branches:
Dungeon (15/15) Zot: 26872  Temple (1/1) D:6 Zot: 5936    Lair (6/6) D:9 Zot: 24209
  Swamp (0/4) Lair:3       Spider (0/4) Lair:4        Slime (0/5) Lair:6
    Orc (2/2) D:9 Zot: 8696     Elf (0/3) Orc:2        Vaults (0/5) D:13
  Sewer (visited)          Bailey (visited)         Volcano (visited)
Gauntlet (visited)
 Depths: D:15

Altars:
Ashenzari
Cheibriados
Dithmenos
Elyvilon
Fedhas
Gozag
Hepliaklqana
Kikubaaqudgha
Makhleb
Nemelex Xobeh
Okawaru
Qazlal
Ru
Sif Muna
Trog
Uskayaw
Vehumet
Wu Jian
Xom
Yredelemnul
Zin
The Shining One
Beogh

Shops:
D:2 *   D:4 :   D:8 [   Orc:1 :   Orc:2 [??[

Annotations:
D:1 21-21 Poison (Contaminator)
D:5 dig (gold)
D:10 dig (monsters+loot)


Innate Abilities, Weirdness & Mutations

You are partially covered in iridescent scales. (AC +2)
You possess an exceptional clarity of mind.
Your spells are a little harder to cast, but a little more powerful.


Message History

The iron dragon zombie is heavily damaged.
The shadow demon is blasted with magical radiation!!!
You kill the shadow demon!
Sif Muna accepts your kill.
The smoke demon dissolves into shadows!
You are lightly contaminated with residual magic.
The worldbinder hits you but does no damage.
You block the worldbinder's attack. The iron dragon zombie bites you.
The iron dragon zombie closely misses you.
The iron dragon zombie tramples you!
You hold your ground!
The hellion closely misses you.
You feel the corruption within you wane completely.
Your system completely accepts the healing effects of potions.
A spatial vortex comes into view.
Casting: Irradiate (mildly dangerous; 1% risk of failure)
Confirm with . or Enter, or press ? or * to list all spells.
You erupt in a fountain of uncontrolled magic!
The hellion is blasted with magical radiation!!
The hellion is severely wounded.
The hellion twists and deforms.
The brown very ugly thing is blasted with magical radiation!!!
The brown very ugly thing is moderately wounded.
The brown very ugly thing basks in the mutagenic energy and changes!
The iron dragon zombie is blasted with magical radiation!!!
The iron dragon zombie is severely damaged.
You are contaminated with residual magic.
The substance of the Abyss twists violently, and a gateway leading out appears!
The hellion barely misses you.
The purple very ugly thing completely misses you.
You feel less contaminated with magical energies. 2 spatial vortices come into view.
The hellion hits you but does no damage.
The iron dragon zombie barely misses you.
The iron dragon zombie claws you but does no damage.
The iron dragon zombie misses you.
You block the spatial maelstrom's attack.
The spatial maelstrom completely misses you.
The raiju closely misses you.
The raiju bursts into living lightning!
The living lightning misses the raiju.
The living lightning hits you!
The raiju blinks! x2
The purple very ugly thing punches you but does no damage.
Your memory of the abyssal rune fades away.
You pass through the gate.
Welcome back to the Dungeon!
The ettin hits you with a +0 dire flail!!
* * * LOW HITPOINT WARNING * * *
You block the ettin's attack. x2
The ettin hits you with a +0 dire flail!!
You die...

#.# #.# #.# #.#
####.####### ..†........#
####.###.#.#####
###.#.#.#.#.#.######.#
#..#†#.#.#.#.#C@h<...#
##.#.#.#.#.#.#÷#2#####...#
....#.#.#.#.#.#..# .
.#.#.#.#.#.#.#.#.#
.#..#.#.#.#.#.#.p..
.....#.#.#.#.#.#.###
.##.#.#.#.#.#.#.(#
.###.#.#.#.#.#.#)# .#
##.#.#.#.#.#..#


You could see an ettin, a wizard, a hellion (misshapen) and a raiju.

Vanquished Creatures
  Kirke (Lair:5)
  A black draconian (Abyss:3)
  A minotaur (Gauntlet)
  An ettin (Orc:2)
  A boulder beetle (Lair:4)
  7 centaur warriors
  The ghost of paps the Summoner, a journeyman OpSu of Gozag (Lair:1)
  A rakshasa (Abyss:3)
  6 hydras
  2 ogre magi (Orc:2)
  2 catoblepae
  A death knight (D:14)
  10 two-headed ogres
  A satyr (Abyss:3)
  A tengu warrior (D:15)
  A death yak (D:9)
  3 thrashing horrors (Abyss:3)
  Urug (Orc:1)
  A wretched star (Abyss:3)
  A deep elf knight (D:13)
  A fire crab (shapeshifter) (D:15)
  A fire crab (Volcano)
  6 skeletal warriors
  A goliath frog (Lair:6)
  2 deep trolls (Orc:2)
  A lindwurm (Volcano)
  A bog body (Lair:3)
  A shadow demon (Abyss:3)
  2 deep elf pyromancers (D:13)
  2 orc knights (Orc:1)
  4 ugly things
  2 orc sorcerers (Orc:1)
  3 cyclopes
  A manticore (Lair:4)
  A worldbinder (Abyss:3)
  2 oklob plants (Lair:4)
  7 elephants
  A will-o-the-wisp (Abyss:3)
  5 black mambas
  2 torpor snails (Gauntlet)
  An orange demon (Abyss:3)
  A gargoyle (D:13)
  14 cane toads
  Maggie (D:7)
  A komodo dragon (shapeshifter) (D:13)
  A hellion (Abyss:3)
  8 komodo dragons
  An unseen horror (D:12)
  5 kobold demonologists
  2 rime drakes
  2 efreet
  4 yaktaurs (D:13)
  A freezing wraith (D:14)
  A tengu conjurer (D:13)
  An ancient zyme (Abyss:3)
  A queen bee (Lair:4)
  A polar bear (Lair:1)
  3 meliai (Lair:4)
  12 trolls
  A hornet (shapeshifter) (D:15)
  A queen bee (shapeshifter) (Abyss:3)
  A wolf spider simulacrum (D:14)
  2 tyrant leeches (Lair:6)
  8 hornets
  Prince Ribbit (Lair:3)
  3 slime creatures (D:14)
  4 dream sheep (Lair:6)
  23 blink frogs
  3 culicivoras (Lair:4)
  2 large abominations (Abyss:3)
  4 vampires
  7 shadows
  2 wraiths
  A ynoxinul (Abyss:3)
  3 basilisks
  3 humans (Lair:5)
  8 fire bats (Volcano)
  A golden eye (shapeshifter) (D:15)
  A neqoxec (Abyss:3)
  6 wyverns
  56 yaks
  3 hogs (Lair:5)
  3 steam dragons
  Grum (D:11)
  Menkaure (D:6)
  10 vampire mosquitoes
  A swamp worm (Lair:3)
  5 wargs
  2 acid dragons
  14 water moccasins
  Duvessa (D:4)
  2 hell hounds (Volcano)
  A starcursed mass (Abyss:3)
  19 orc warriors
  An ice beast (D:5)
  4 black bears
  21 ogres
  18 wolves
  20 centaurs
  A phantom (D:5)
  Blork the orc (D:4)
  12 kobold brigands
  18 bullfrogs
  2 necrophages (D:5)
  6 scorpions
  A gnoll sergeant (D:9)
  A small abomination (Abyss:3)
  3 wights (D:6)
  Dowan (D:4)
  39 killer bees
  A killer bee (shapeshifter) (D:14)
  4 howler monkeys
  5 electric eels
  A hound (D:6)
  13 orc priests
  Natasha (twice) (D:3)
  2 iguanas (D:5)
  A hell rat (Lair:4)
  19 orc wizards
  13 adders
  7 gnolls
  A shadow imp (D:8)
  An ufetubus (D:4)
  3 worms (D:2)
  2 dart slugs
  62 orcs
  19 ball pythons
  7 endoplasms
  12 giant cockroaches
  7 goblins
  11 hobgoblins
  4 jackals (D:1)
  24 kobolds
  7 quokkas
  6 bats
  12 frilled lizards
  6 rats
  2 butterflies (D:6)
758 creatures vanquished.

Vanquished Creatures (collateral kills)
  An ogre (D:7)
  A centaur (D:7)
  2 wights (D:6)
  2 jellies (D:6)
6 creatures vanquished.

Vanquished Creatures (others)
  A human (Lair:5)
  4 foxfires (Abyss:3)
  34 fungi
  119 plants
158 creatures vanquished.

Grand Total: 922 creatures vanquished

Notes
Turn   | Place    | Note
-------+----------+-------------------------------------------
     0 | D:1      | Ge0ff the Deep Elf Venom Mage began the quest for the Orb.
     0 | D:1      | Reached XP level 1. HP: 10/10 MP: 6/6
   129 | D:1      | Reached skill level 1 in Fighting
   233 | D:1      | Reached XP level 2. HP: 7/16 MP: 2/8
   398 | D:1      | Learned a level 2 spell: Poisonous Vapours
  1145 | D:1      | Reached XP level 3. HP: 20/20 MP: 1/9
  1359 | D:1      | Reached skill level 1 in Air Magic
  1700 | D:2      | Learned a level 3 spell: Mephitic Cloud
  2013 | D:2      | Reached XP level 4. HP: 25/25 MP: 2/11
  3143 | D:2      | Found Wusmamig's Assorted Antiques.
  3581 | D:3      | Noticed Natasha
  3589 | D:3      | Reached skill level 1 in Conjurations
  3596 | D:3      | Killed Natasha
  3597 | D:3      | Reached XP level 5. HP: 4/29 MP: 0/13
  4332 | D:3      | Noticed Natasha
  4339 | D:3      | Killed Natasha
  4634 | D:3      | Learned a level 3 spell: Frozen Ramparts
  5032 | D:4      | Reached skill level 1 in Ice Magic
  5240 | D:4      | Found a glowing drain.
  5249 | Sewer    | Entered a sewer
  5702 | Sewer    | Reached XP level 6. HP: 11/34 MP: 2/14
  6371 | Sewer    | Reached skill level 5 in Poison Magic
  6470 | Sewer    | Got the Reference Book on Noxious Moulding
  6859 | D:4      | Noticed Duvessa
  6859 | D:4      | Noticed Dowan
  6944 | D:4      | Reached skill level 1 in Evocations
  7134 | D:4      | Noticed Blork the orc
  7144 | D:4      | Killed Blork the orc
  7145 | D:4      | Reached skill level 5 in Spellcasting
  7145 | D:4      | Reached XP level 7. HP: 8/38 MP: 3/16
  7436 | D:4      | Found Voraleth's Book Shoppe.
  7827 | D:5      | Entered Level 5 of the Dungeon
  7929 | D:2      | Bought a dull robe for 119 gold pieces
  7929 | D:2      | Identified the +2 robe "Kyefi" {Drain rC++ rCorr Stlth+}
                  | (You bought it in a shop on level 2 of the Dungeon)
  8139 | D:5      | Identified the +9 whip "Puthruopp" {vorpal, Will+ Str+3}
  8147 | D:5      | Reached skill level 5 in Ice Magic
  8187 | D:5      | Found a hazy altar of Hepliaklqana.
  8348 | D:5      | Learned a level 4 spell: Olgreb's Toxic Radiance
  8517 | D:5      | Found a burning altar of Makhleb.
  8798 | D:5      | Reached XP level 8. HP: 43/43 MP: 11/17
  9531 | D:5      | Learned a level 4 spell: Summon Ice Beast
  9922 | D:6      | Found a staircase to the Ecumenical Temple.
  9931 | Temple   | Entered the Ecumenical Temple
  9983 | Temple   | Became a worshipper of Sif Muna the Loreminder
 10463 | D:6      | Reached skill level 1 in Summonings
 10470 | D:6      | HP: 1/43 [poisoned by an orc]
 10846 | D:6      | Noticed Menkaure
 10855 | D:6      | Killed Menkaure
 12494 | D:7      | Reached XP level 9. HP: 47/47 MP: 15/20
 12529 | D:7      | Identified the +9 flail of Sisucol {vorpal, rPois Dex+7}
 12654 | D:7      | Identified the +9 war axe of Dried Tears {drain, rF+ rC+
                  | MP+9}
 12755 | D:7      | Noticed Maggie
 13102 | D:8      | Found a flagged portal.
 13193 | Bailey   | Entered a bailey
 13736 | Bailey   | Found an iron altar of Okawaru.
 13840 | D:8      | Noticed a kobold demonologist
 13844 | D:8      | Noticed a kobold demonologist
 13857 | D:8      | Killed a kobold demonologist
 14025 | D:8      | Noticed a kobold demonologist
 14029 | D:8      | Noticed a kobold demonologist
 14034 | D:8      | Noticed a red devil
 14035 | D:8      | Noticed a hellwing
 14037 | D:8      | Noticed a sun demon
 14381 | D:4      | Killed Duvessa
 14381 | D:4      | Killed Dowan
 14382 | D:4      | Reached skill level 5 in Summonings
 14563 | D:2      | Bought a glowing glass ring for 105 gold pieces
 14563 | D:2      | Bought a scratched wooden ring for 105 gold pieces
 14787 | D:5      | Learned a level 5 spell: Irradiate
 15034 | D:6      | Reached skill level 5 in Conjurations
 15210 | D:8      | Noticed a centaur warrior
 15217 | D:8      | Killed a centaur warrior
 15218 | D:8      | Reached skill level 5 in Transmutations
 15218 | D:8      | Reached XP level 10. HP: 53/56 MP: 20/22
 15269 | D:8      | Found Imianot's Specialty Armours.
 15305 | D:8      | Found a shadowy altar of Dithmenos.
 15383 | D:8      | Reached * piety under Sif Muna
 15727 | D:8      | Noticed a sixfirhy
 15875 | D:7      | Gained mutation: You are frail. (-10% HP) [mutagenic glow]
 15962 | D:7      | Lost mutation: You are frail. (-10% HP) [potion of
                  | mutation]
 15962 | D:7      | Gained mutation: Your spells are a little harder to cast,
                  | but a little more powerful. [potion of mutation]
 15962 | D:7      | Gained mutation: You possess an exceptional clarity of
                  | mind. [potion of mutation]
 15962 | D:7      | Gained mutation: You are partially covered in iridescent
                  | scales. (AC +2) [potion of mutation]
 16333 | D:9      | Noticed an elephant
 16353 | D:9      | Killed an elephant
 16505 | D:9      | Noticed a death yak
 16517 | D:9      | Killed a death yak
 16518 | D:9      | Reached XP level 11. HP: 56/60 MP: 15/23
 16645 | D:9      | Found a staircase to the Lair.
 16668 | D:9      | Found a staircase to the Orcish Mines.
 17473 | D:9      | Reached ** piety under Sif Muna
 18088 | D:10     | Entered Level 10 of the Dungeon
 18217 | D:10     | Found a stormy altar of Qazlal.
 18338 | D:10     | Found a white marble altar of Elyvilon.
 18436 | D:10     | Noticed a deep elf pyromancer
 18436 | D:10     | Noticed a purple ugly thing
 18437 | D:10     | Noticed a fire giant
 18446 | D:10     | Found a radiant altar of Vehumet.
 18733 | D:10     | Found a basalt altar of Yredelemnul.
 18767 | D:10     | Found a sacrificial altar of Ru.
 18786 | D:10     | Noticed a wizard
 18864 | D:10     | Found a snail-covered altar of Cheibriados.
 19176 | D:11     | Reached skill level 10 in Conjurations
 19473 | D:11     | Identified a scroll of acquirement
 19473 | D:11     | Acquired 999 gold pieces
 19817 | D:11     | Reached skill level 10 in Transmutations
 19885 | D:11     | Noticed Grum
 19886 | D:11     | Noticed a two-headed ogre
 19897 | D:11     | Killed Grum
 19899 | D:11     | Killed a two-headed ogre
 20419 | D:7      | Killed Maggie
 20615 | Lair:1   | Entered Level 1 of the Lair of Beasts
 20701 | Lair:1   | Found a large runed translucent door.
 20701 | Lair:1   | Found a large runed translucent door.
 20913 | Lair:1   | Noticed paps's ghost (journeyman OpSu)
 21656 | Lair:1   | Killed paps's ghost
 21657 | Lair:1   | Reached skill level 1 in Shields
 21961 | Lair:2   | Noticed a six-headed hydra
 21968 | Lair:2   | Killed a six-headed hydra
 22178 | Lair:2   | Reached XP level 12. HP: 64/64 MP: 24/26
 22903 | D:2      | Bought a glowing helmet for 157 gold pieces
 23130 | Orc:1    | Entered Level 1 of the Orcish Mines
 23148 | Orc:1    | Found a burning altar of Makhleb.
 23443 | Orc:2    | Entered Level 2 of the Orcish Mines
 23453 | Orc:2    | Found a staircase to the Elven Halls.
 23892 | Orc:1    | Reached *** piety under Sif Muna
 24132 | Orc:1    | Noticed Urug
 24143 | Orc:1    | Killed Urug
 24339 | Orc:1    | Reached skill level 1 in Invocations
 24752 | Orc:1    | Found Uhodik's Book Emporium.
 24760 | Orc:1    | Bought Ozocubu's Autobiography for 312 gold pieces
 24763 | Orc:1    | Learned a level 2 spell: Blink
 25178 | Orc:2    | Found Morchiv's Antique Armour Shoppe.
 25227 | Orc:2    | Noticed a two-headed ogre
 25244 | Orc:2    | Killed a two-headed ogre
 25245 | Orc:2    | Noticed a two-headed ogre
 25255 | Orc:2    | Killed a two-headed ogre
 25428 | Orc:2    | Reached **** piety under Sif Muna
 25467 | Orc:2    | Noticed a two-headed ogre
 25474 | Orc:2    | Killed a two-headed ogre
 25528 | Orc:2    | Noticed an ogre mage
 25538 | Orc:2    | Killed an ogre mage
 25577 | Orc:2    | Noticed an ogre mage
 25587 | Orc:2    | Killed an ogre mage
 25588 | Orc:2    | Reached XP level 13. HP: 68/68 MP: 1/28
 25595 | Orc:2    | Noticed an ettin
 25611 | Orc:2    | Killed an ettin
 25848 | Orc:2    | Reached skill level 10 in Spellcasting
 25856 | Orc:2    | Learned a level 7 spell: Ozocubu's Refrigeration
 26103 | Orc:2    | Found Nypn's Magic Scroll Emporium.
 26108 | Orc:2    | Found Acuful's Magic Scroll Boutique.
 26112 | Orc:2    | Bought a scroll of identify for 30 gold pieces
 26112 | Orc:2    | Bought a scroll of magic mapping for 52 gold pieces
 26123 | Orc:2    | Found Etsum's Antique Armour Shoppe.
 26132 | Orc:2    | Bought a glowing cloak for 255 gold pieces
 26132 | Orc:2    | Bought a pair of runed boots for 255 gold pieces
 26544 | Lair:3   | Reached skill level 5 in Evocations
 26739 | Lair:3   | Noticed Prince Ribbit
 26749 | Lair:3   | Killed Prince Ribbit
 27568 | Lair:3   | Found a staircase to the Swamp.
 28155 | Lair:4   | Found a hole to the Spider Nest.
 28346 | Lair:4   | Reached ***** piety under Sif Muna
 28361 | Lair:4   | Reached skill level 5 in Invocations
 28374 | Lair:4   | Received a gift from Sif Muna
 28377 | Lair:4   | Got Sif Muna's Collected Works on the Destructive Frostbite
                  | {god gift}
 28385 | Lair:4   | Learned a level 3 spell: Stone Arrow
 29457 | Lair:5   | Reached XP level 14. HP: 74/74 MP: 31/31
 29492 | Lair:5   | Found a dark tunnel.
 29552 | Volcano  | Entered a volcano
 29693 | Volcano  | Reached skill level 10 in Ice Magic
 29988 | Lair:5   | Noticed Kirke
 29991 | Lair:5   | Noticed a sphinx
 29997 | Lair:5   | Killed Kirke
 31025 | Lair:6   | Entered Level 6 of the Lair of Beasts
 31060 | Lair:6   | Reached skill level 10 in Poison Magic
 31127 | Lair:6   | Found a gate leading to a gauntlet.
 31131 | Gauntlet | Entered a Gauntlet
 31131 | Gauntlet | Found a transporter.
 31131 | Gauntlet | Found a transporter.
 31275 | Gauntlet | Found a transporter.
 31279 | Gauntlet | Found a transporter.
 31288 | Gauntlet | Found a transporter.
 31292 | Gauntlet | Found a transporter.
 31300 | Gauntlet | Found a transporter.
 31316 | Gauntlet | Found a transporter.
 31330 | Gauntlet | Found a transporter.
 31334 | Gauntlet | Found a transporter.
 31342 | Gauntlet | Found a transporter.
 31346 | Gauntlet | Found a transporter.
 31377 | Gauntlet | Upgraded the game from 0.29-a0-719-g0fec994a2d to
                  | 0.29-a0-722-g64f5989226
 31393 | Gauntlet | Identified the +1 leather armour of Sif Muna's Pride {rPois
                  | Will+ rCorr}
 31574 | Gauntlet | Identified the +7 arbalest of Certain Death {vorpal, Dex+4
                  | Stlth-}
 31757 | Lair:6   | Received a gift from Sif Muna
 32348 | Lair:6   | Reached skill level 1 in Translocations
 32355 | Lair:6   | Reached skill level 1 in Earth Magic
 33096 | Lair:6   | Got Sif Muna's Grimoire of Damaging Intoxication {god gift}
 33117 | Lair:6   | Found a staircase to the Slime Pits.
 34153 | Lair:4   | Reached XP level 15. HP: 78/78 MP: 27/33
 34219 | Lair:4   | Identified the +5 plate armour "Siclusarph" {*Corrode rN+
                  | Regen+ Str+6}
 34738 | D:12     | Identified the +1 pair of boots "Raets" {rC+ Regen+ rCorr}
 34775 | D:12     | Received a gift from Sif Muna
 36515 | D:13     | Found a gate to the Vaults.
 36668 | D:13     | Identified the +0 ring mail of Gawnay {Dex+3}
 37963 | D:14     | Received a gift from Sif Muna
 37971 | D:14     | Learned a level 3 spell: Ignite Poison
 38771 | D:15     | Entered Level 15 of the Dungeon
 38896 | Abyss:3  | Cast into level 3 of the Abyss (a wizard)
 39373 | D:15     | Escaped the Abyss
 39373 | D:15     | Mangled by an ettin

Illustrated notes

Levels and vault maps discovered:
D:1:      nagdon_arrival_zigzag_paths, layout_rooms, serial_bayou_pond_d
D:2:      layout_basic, serial_shops, nicolae_shop_behind_doors
D:3:      layout_basic, uniq_natasha
D:4:      layout_loops_ring, portal_sewer_entry_d, serial_shops,
          nicolae_shop_hallway_plus, uniq_blork_the_orc, uniq_duvessa
D:5:      layout_loops_ring, bloody_makhleb, mainiacjoe_overflow_brackets,
          amcnicky_mini_pool_small, columned_hall_lemuel, minmay_statues_item
D:6:      layout_basic, minmay_temple_entry_butterflies,
          hellmonk_bongcloud_opening, kennysheep_minor_cross, uniq_menkaure
D:7:      layout_layer_cave, uniq_maggie
D:8:      layout_rooms, mainiacjoe_overflow_chevrons, enter_bailey_2,
          nicolae_barding_shop
D:9:      layout_grid_maze, david_lair_generic, david_orc_3
D:10:     layout_loops_cross, old_standard_altar, kennysheep_mini_moat,
          grunt_qazlal_clouds, mainiacjoe_overflow_alcove_4, marbit_many_paths,
          vehumet_crystals, onia_ninara_dug_in_and_dangerous
D:11:     layout_cave_pods, uniq_grum
D:12:     layout_roguey, minmay_misc_feat_diagonals
D:13:     layout_cave_pods, hangedman_vaults_entry_quadrant_bands
D:14:     layout_roguey, serial_co_window_serial, co_window_paths_a,
          co_window_corner_a, co_window_paths_b, co_window_paths_b,
          co_window_corner_a, co_window_paths_b, co_window_corner_a,
          co_window_2corner, co_window_broadway_a, co_window_corner_b,
          co_window_2corner, co_window_broadway_c, glass_columns_a,
          minmay_misc_feat_roman, drop_trap
D:15:     hangedman_depths_entry_civil_slaughter, layout_loops_ring,
          minivault_23
Temple:   cyrus_circular_temple
Lair:1:   layout_concentric_octagons, ebering_ghost_disaster_area, minivault_19,
          grunt_megastairs_4, lemuel_fruit_tree, infiniplex_staircase_pool_2
Lair:2:   layout_roguey
Lair:3:   layout_chaotic_city, nicolae_swamp_entry_splash_gauntlet,
          dreamdust_wasp_nest, uniq_prince_ribbit2
Lair:4:   regret_index_harrowing_hell_hive, layout_cellular_growth,
          hellmonk_spider_entry_life_and_decay, serial_bayou_shore_a,
          grunt_megastairs_5
Lair:5:   layout_long_grid, enter_volcano_2, uniq_kirke
Lair:6:   minmay_lair_end_frog_pond, layout_hall_layers,
          dpeg_slime_entry_enclosed, gauntlet_entry_generic
Orc:1:    layout_diamond_mine, basic_altar, guppyfry_orc_lava_fort, uniq_urug
Orc:2:    st_orc_open, layout_diamond_mine, basic_altar

Skill      XL: |  1  2  3  4  5  6  7  8  9 10 11 12 13 14 15 |
---------------+----------------------------------------------+-----
Fighting       | 1 3 |  3.8
Air Magic      | 1 2 3 |  3.0
Transmutations | 2 3 5 8 10 12 13 14 | 14.5
Poison Magic   | 4 5 6 7 8 9 10 | 10.0
Conjurations   | 1 2 3 4 6 9 11 12 13 14 | 14.7
Spellcasting   | 4 5 6 7 8 9 11 12 13 | 13.6
Ice Magic      | 2 4 7 9 12 13 | 13.7
Evocations     | 1 2 4 5 |  5.3
Dodging        | 3 4 |  4.4
Summonings     | 3 5 |  5.0
Shields        | 1 3 4 |  4.0
Invocations    | 3 5 |  5.2
Translocations | 2 3 |  3.0
Earth Magic    | 2 3 |  3.0
Stealth        | |  2.4

Action                   |  1- 3 |  4- 6 |  7- 9 | 10-12 | 13-15 || total
-------------------------+-------+-------+-------+-------+-------++-------
Melee: Rapier            |     2 |       |       |       |       ||     2
       Dagger            |    10 |    18 |       |       |       ||    28
       Whip              |       |       |    27 |       |       ||    27
       War axe           |       |       |     6 |    69 |    57 ||   132
Throw: Dart              |       |       |     1 |       |     1 ||     2
 Cast: Sting             |    44 |    68 |    58 |    15 |       ||   185
       Poisonous Vapours |    40 |   119 |    71 |    93 |   100 ||   423
       Mephitic Cloud    |       |     1 |     8 |    10 |     4 ||    23
       Frozen Ramparts   |       |     1 |    24 |    10 |     4 ||    39
       Summon Ice Beast  |       |       |    13 |       |       ||    13
       Olgreb's Toxic Ra |       |       |    12 |    79 |    61 ||   152
       Irradiate         |       |       |       |    71 |   158 ||   229
       Stone Arrow       |       |       |       |       |   170 ||   170
       Ozocubu's Refrige |       |       |       |       |     4 ||     4
       Ignite Poison     |       |       |       |       |     7 ||     7
Invok: Channel Magic     |       |       |       |     1 |     8 ||     9
Evoke: Wand              |       |     2 |    13 |     1 |    13 ||    29
       Condenser vane    |       |       |       |     1 |     4 ||     5
       Phial of floods   |       |       |       |       |     1 ||     1
  Use: Scroll            |       |     4 |     6 |     7 |    24 ||    41
       Potion            |       |     2 |     6 |     2 |     5 ||    15
 Stab: Sleeping          |     1 |       |       |       |       ||     1
       Confused          |       |       |       |     2 |       ||     2
Armor: Robe              |     3 |     4 |     6 |    31 |    87 ||   131
Dodge: Dodged            |    26 |    30 |    39 |    96 |   277 ||   468
Block: Buckler           |       |       |       |    11 |    85 ||    96

Table legend: (Time is in decaauts)
 A = Elapsed time spent in this place.
 B = Non-inter-level travel time spent in this place.
 C = Inter-level travel time spent in this place.
 D = Time resting spent in this place.
 E = Time spent auto-exploring this place.
 F = Levels seen in this place.
 G = Mean time per level.
                   A        B        C        D        E       F      G
               +--------+--------+--------+--------+--------+-----+--------+
         Total |  39604 |  36756 |   2848 |   3076 |  27909 |  29 | 1365.7 |
       Dungeon |  23573 |  21561 |   2012 |   1424 |  17319 |  15 | 1571.5 |
        Temple |     63 |     52 |     11 |      0 |     27 |   1 |   63.0 |
          Lair |   9120 |   8443 |    677 |    607 |   6539 |   6 | 1520.0 |
  Orcish Mines |   3303 |   3155 |    148 |     32 |   2496 |   2 | 1651.5 |
         Abyss |    457 |    457 |      0 |    148 |      0 |   1 |  457.0 |
         Sewer |   1470 |   1470 |      0 |    438 |    714 |   1 | 1470.0 |
        Bailey |    628 |    628 |      0 |    384 |     80 |   1 |  628.0 |
       Volcano |    354 |    354 |      0 |     43 |    225 |   1 |  354.0 |
      Gauntlet |    632 |    632 |      0 |      0 |    508 |   1 |  632.0 |
               +--------+--------+--------+--------+--------+-----+--------+

Top non-repeatable levels by time:
     D:6: 2816 daAuts
  Lair:6: 2215 daAuts
     D:2: 2182 daAuts
  Lair:4: 2049 daAuts
     D:9: 2035 daAuts
     D:4: 1874 daAuts
     D:3: 1833 daAuts
   Orc:2: 1794 daAuts
     D:5: 1784 daAuts
    D:13: 1760 daAuts
     D:1: 1557 daAuts
   Orc:1: 1509 daAuts
   Sewer: 1470 daAuts
    D:14: 1455 daAuts
     D:7: 1410 daAuts
